 Dungeon Crawl Stone Soup version 0.29.1-4-g47bece8355 (webtiles) character file.

Game seed: 1493285731347006869

198 MajorAdolf the Conjurer (level 5, -4/42 HPs)
             Began as a Naga Wanderer on Dec 11, 2022.
             Killed from afar by Ijyb (10 damage)
             ... with a bolt of dispelling energy
             ... on level 3 of the Dungeon.
             The game lasted 00:06:16 (4671 turns).

MajorAdolf the Conjurer (Naga Wanderer)             Turns: 4671, Time: 00:06:17

Health: -4/42      AC:  3    Str: 11    XL:     5   Next: 77%
Magic:  7/9        EV:  9    Int: 17    God:
Gold:   110        SH:  0    Dex: 11    Spells: 5/10 levels left

rFire   . . .      SeeInvis +   u - +2 falchion
rCold   . . .      Faith    .   (no shield)
rNeg    . . .      Spirit   .   c - +0 robe
rPois   +          Reflect  .   (no helmet)
rElec   .          Harm     .   (no cloak)
rCorr   .          Rampage  .   d - +0 pair of gloves
Will    .....                   (no barding)
Stlth   ++........              (no amulet)
HPRegen 0.14/turn               (no ring)
MPRegen 0.11/turn               (no ring)

@: very slow
A: AC +1, large, see invisible, deformed body, poison resistance, slowness 2,
spit poison 1, naga tail 1
a: Spit Poison


You were on level 3 of the Dungeon.
You visited 1 branch of the dungeon, and saw 4 of its levels.

You collected 110 gold pieces.

Inventory:

Hand Weapons
 i - a +0 whip of venom
 u - a +2 falchion (weapon)
Armour
 c - a +0 robe (worn)
 d - a +0 pair of gloves (worn)
 n - a +0 tower shield
Scrolls
 e - a scroll of blinking
 f - 2 scrolls of teleportation {unknown}
 h - a scroll of enchant weapon {unknown}
 j - a scroll of butterflies {unknown}
 k - a scroll of magic mapping {unknown}
 l - 3 scrolls of identify {unknown}
 t - a scroll of fear {unknown}
Potions
 a - a potion of lignification {unknown}
 b - a potion of haste
 g - 2 potions of cancellation {unknown}
 o - 2 potions of might {unknown}
 p - 4 potions of curing {unknown}
 q - a potion of heal wounds {unknown}
 r - a potion of degeneration {unknown}
 s - a potion of attraction {unknown}


   Skills:
 - Level 1.0 Throwing
 - Level 1.5 Stealth
 + Level 3.2 Spellcasting
 + Level 5.3 Conjurations
 + Level 1.9 Hexes
 - Level 3.0 Necromancy


You had 5 spell levels left.
You knew the following spells:

 Your Spells              Type           Power      Damage    Failure   Level
a - Foxfire               Conj/Fire      44%        2x1d6     6%          1
b - Fulminant Prism       Conj/Hex       7%         3d7       36%         4

Your spell library contained the following spells:

 Spells                   Type           Power      Damage    Failure   Level
 Necrotise                Necr           48%        1d6       4%          1
 Shock                    Conj/Air       44%        1d5       6%          1
 Vampiric Draining        Necr           12%        2d6       16%         3


Dungeon Overview and Level Annotations

Branches:
Dungeon (4/15)
 Temple: D:4-7

Altars:
Elyvilon
Gozag
Okawaru
Qazlal
Sif Muna
Trog

Annotations:
D:2 1 runed translucent door, Crazy Yiuf, Natasha
D:3 Edmund, Ijyb


Innate Abilities, Weirdness & Mutations

Your serpentine skin is tough. (AC +1)
You have supernaturally acute eyesight. (SInv)
Armour fits poorly on your strangely shaped body.
Your system is resistant to poisons. (rPois)
You cover ground very slowly.
You can spit poison.
You have a snake-like lower body.


Message History

There is a stone staircase leading up here.
Unknown command.
There is a stone staircase leading down here.
There is a stone staircase leading down here.
You climb downwards.
Level annotation: Ijyb The jackal barks! x2; You hear a bark!
The jackal bites you but does no damage.
A jackal comes into view.
The jackal barks!
There is a stone staircase leading up here.
The jackal bites you but does no damage. x2
Ijyb zaps a wand.
The bolt of dispelling energy hits you!
The jackal bites you but does no damage. x2
You climb upwards.
Level annotation: Edmund
There is a stone staircase leading down here.
Unknown command.
You conjure some foxfire!
The jackal bites you but does no damage.
The jackal barely misses you. Ijyb hits you with a +0 dagger.
You conjure some foxfire!
The foxfire hits Ijyb.
Ijyb is lightly wounded.
The foxfire hits the jackal.
You kill the jackal!
The jackal closely misses you.
Ijyb zaps a wand.
The bolt of dispelling energy hits you!!
Ouch! That really hurt!
* * * LOW HITPOINT WARNING * * *
The jackal barely misses you.
Okay, then.
Blink to where?
Press: ? - help, Dir - move target
As you read the scroll of blinking, it crumbles to dust.
The foxfire hits the jackal.
The jackal is lightly wounded.
The foxfire hits Ijyb but does no damage.
Ijyb is lightly wounded.
Ijyb zaps a wand.
The bolt of dispelling energy hits you!
You die...

........##..............##
.........................#
.........>...............#
..................÷......#
#........).......§.......#
#######..)......gh.......#
#..................#
#######.................##
..........#.....@#.....##
..##..#.....#....#######
........###.......#####
..####................#
..............#.....#.#
..#...................#
....###.......#.⌠.⌠.#.#
.#..# ##..............#
.#..# #......#.....#.#


You could see Ijyb and a jackal.

Vanquished Creatures
  2 iguanas (D:3)
  Jessica (D:3)
  3 adders (D:2)
  A gnoll (D:3)
  A white imp (D:3)
  A worm (D:2)
  5 dart slugs
  3 ball pythons
  6 bats
  2 endoplasms (D:1)
  7 giant cockroaches
  7 goblins
  4 hobgoblins
  5 jackals
  7 frilled lizards
  6 kobolds
  2 rats (D:2)
  A spectral hobgoblin (D:2)
64 creatures vanquished.

Vanquished Creatures (others)
  327 foxfires
327 creatures vanquished.

Grand Total: 391 creatures vanquished

Notes
Turn   | Place    | Note
-------+----------+-------------------------------------------
     0 | D:1      | MajorAdolf the Naga Wanderer began the quest for the Orb.
     0 | D:1      | MajorAdolf set off with the following items: a +0 club, a
                  | potion of haste, a +0 robe, a +0 pair of gloves; and the
                  | following spells available to memorise: Necrotise, Foxfire,
                  | Shock, Vampiric Draining, Fulminant Prism.
     0 | D:1      | Reached XP level 1. HP: 15/15 MP: 2/2
     2 | D:1      | Learned a level 1 spell: Foxfire
     6 | D:1      | You fall into a shaft and drop 1 floor!
    12 | D:2      | Noticed Natasha
    39 | D:2      | Reached XP level 2. HP: 22/22 MP: 1/4
   387 | D:1      | Reached XP level 3. HP: 22/28 MP: 1/5
  2060 | D:2      | Reached XP level 4. HP: 36/36 MP: 4/7
  2100 | D:2      | Learned a level 4 spell: Fulminant Prism
  2369 | D:2      | Found a faded altar of an unknown god.
  2535 | D:2      | Found a runed translucent door.
  2536 | D:2      | Noticed Crazy Yiuf
  3202 | D:3      | Found a white marble altar of Elyvilon.
  3528 | D:3      | Noticed Jessica
  3537 | D:3      | Killed Jessica
  3538 | D:3      | Reached skill level 5 in Conjurations
  3538 | D:3      | Reached skill level 1 in Hexes
  3538 | D:3      | Reached XP level 5. HP: 42/42 MP: 1/9
  3879 | D:3      | Found a shimmering blue altar of Sif Muna.
  3890 | D:3      | Got Sif Muna's Octavo of Darkness
  3895 | D:3      | Found a bloodstained altar of Trog.
  4034 | D:4      | Found an iron altar of Okawaru.
  4034 | D:4      | Found a stormy altar of Qazlal.
  4034 | D:4      | Found an opulent altar of Gozag.
  4171 | D:4      | Noticed Edmund
  4291 | D:4      | Noticed Ijyb
  4671 | D:3      | Killed from afar by Ijyb

Illustrated notes

Levels and vault maps discovered:
D:1:      minmay_arrival_five_plusses, layout_basic, serial_rivers,
          chequers_serial_rivers_micro_c, chequers_serial_rivers_large_a,
          chequers_serial_rivers_micro_e, chequers_serial_rivers_large_b,
          chequers_serial_rivers_room_b
D:2:      layout_loops_ring, dreamdust_ecumenical_altar_drowned_temple,
          grunt_ministairs_1, minmay_misc_feat_diagonals, uniq_natasha,
          uniq_crazy_yiuf_cottage
D:3:      layout_rooms, nzn_overflow_gifts_of_might_and_magic, elyvilon_altar_5,
          minivault_26, uniq_jessica
D:4:      layout_cave_pools, fedhas_altar_3, grunt_temple_overflow_open,
          serial_shops, shop, uniq_edmund, uniq_ijyb

Skill      XL: |  1  2  3  4  5 |
---------------+----------------+-----
Spellcasting   | 2 3 |  3.2
Conjurations   | 5 |  5.3
Hexes          | 1 |  1.9
Throwing       | |  1.0
Stealth        | |  1.5
Necromancy     | |  3.0

Action                   |  1- 3 |  4- 6 || total
-------------------------+-------+-------++-------
Melee: Club              |     8 |       ||     8
       Long sword        |       |     3 ||     3
 Cast: Foxfire           |    74 |   112 ||   186
 Abil: Spit Poison       |     9 |     3 ||    12
  Use: Scroll            |       |     2 ||     2
Armor: Robe              |    11 |    14 ||    25
Dodge: Dodged            |    23 |    11 ||    34
